 Dungeon Crawl Stone Soup version 0.26-a0-611-g354ed81 (webtiles) character file.

Game seed: 12670260731718437466

33 B1Gdaddy5 the Sneak (level 3, 0/28 HPs)
             Began as a Human Brigand on Sept 6, 2020.
             Succumbed to an adder's poison
             ... on level 2 of the Dungeon.
             The game lasted 00:06:13 (967 turns).

B1Gdaddy5 the Sneak (Human Brigand)                  Turns: 967, Time: 00:06:13

Health: 0/28       AC:  5    Str: 11    XL:     3   Next: 47%
Magic:  3/3        EV: 11    Int: 11    God:
Gold:   85         SH:  0    Dex: 15    Spells: 2/2 levels left

rFire    . . .     SeeInvis .   a - +2 dagger
rCold    . . .     Faith    .   (no shield)
rNeg     . . .     Spirit   .   j - +0 leather armour
rPois    .         Reflect  .   (no helmet)
rElec    .         Harm     .   c - +0 cloak
rCorr    .                      (no gloves)
MR       .....                  l - +0 pair of boots
Stlth    +++.......             (no amulet)
HPRegen  0.09/turn              (no ring)
MPRegen  0.08/turn              (no ring)

@: lethally poisoned (0 -> -11)
A: no striking features
a: no special abilities


You were on level 2 of the Dungeon.
You visited 1 branch of the dungeon, and saw 2 of its levels.

You collected 85 gold pieces.

Inventory:

Hand Weapons
 a - a +2 dagger (weapon)
 o - a +2 short sword of speed
Missiles
 d - 8 poisoned darts (quivered)
 e - 2 curare-tipped darts
Armour
 c - a +0 cloak (worn)
 j - a +0 leather armour (worn)
 l - a +0 pair of boots (worn)
Scrolls
 b - 2 scrolls of remove curse {unknown}
 f - 2 scrolls of teleportation {unknown}
 h - a scroll of enchant armour {unknown}
 i - 2 scrolls of amnesia {unknown}
 k - 2 scrolls of identify {unknown}
 m - a scroll of fog {unknown}
Potions
 g - a potion of flight {unknown}
 n - a potion of lignification {unknown}


   Skills:
 + Level 2.4 Fighting
 + Level 2.0 Short Blades
 + Level 2.4 Throwing
 + Level 0.1 Armour
 + Level 1.0 Dodging
 + Level 4.6 Stealth


You had 2 spell levels left.
You didn't know any spells.
Your spell library was empty.

Dungeon Overview and Level Annotations

Branches:
Dungeon (2/15)

Altars:
Makhleb


Message History

You feel sick. The adder bites you.
* * * LOW HITPOINT WARNING * * *
* * * LOW HITPOINT WARNING * * *
You feel sick. The adder closely misses you. The adder barely misses you.
The adder bites you.
* * * LOW HITPOINT WARNING * * *
You are more poisoned.
The adder poisons you!
There is a stone staircase leading up, spattered with blood here.
You hit the adder.
The adder is heavily wounded.
* * * LOW HITPOINT WARNING * * *
You feel sick. The adder closely misses you.
You hit the adder.
The adder is heavily wounded.
* * * LOW HITPOINT WARNING * * *
You feel sick. The adder barely misses you.
You hit the adder.
The adder is severely wounded.
You die...

#. _ ##. ..
#..######...
#..........
#†........
#...S....
#.###....
###.####S# .
........@#
##.#######


You could see an adder.

Vanquished Creatures
  An adder (D:2)
  A worm (D:2)
  A dart slug (D:1)
  A leopard gecko (D:1)
  A goblin (D:1)
  2 hobgoblins (D:1)
  2 jackals (D:1)
  4 kobolds (D:1)
  3 bats (D:1)
  A frilled lizard (D:1)
  2 rats (D:1)
19 creatures vanquished.

Notes
Turn   | Place    | Note
-------+----------+-------------------------------------------
     0 | D:1      | B1Gdaddy5 the Human Brigand began the quest for the Orb.
     0 | D:1      | Reached XP level 1. HP: 16/16 MP: 1/1
   242 | D:1      | Reached XP level 2. HP: 22/22 MP: 2/2
   831 | D:1      | Reached XP level 3. HP: 27/27 MP: 3/3
   930 | D:2      | Found a burning altar of Makhleb.
   966 | D:2      | HP: 1/28 [poisoned by an adder]
   967 | D:2      | Succumbed to an adder's poison

Illustrated notes

Levels and vault maps discovered:
D:1:      lordsloth_arrival_two_stooges, layout_basic
D:2:      layout_loops_cross, overflow_temple_1_default, grunt_qazlal_sundering,
          uniq_natasha

Action                   || total
-------------------------++-------
Melee: Dagger            ||    73
 Stab: Sleeping          ||     5
Armor: Leather armour    ||    30
       Robe              ||     1
Dodge: Dodged            ||    41

Table legend: (Time is in decaauts)
 A = Elapsed time spent in this place.
 B = Non-inter-level travel time spent in this place.
 C = Inter-level travel time spent in this place.
 D = Time resting spent in this place.
 E = Time spent auto-exploring this place.
 F = Levels seen in this place.
 G = Mean time per level.
                   A        B        C        D        E       F      G
               +--------+--------+--------+--------+--------+-----+--------+
         Total |    959 |    949 |     10 |    223 |    345 |   2 |  479.5 |
       Dungeon |    959 |    949 |     10 |    223 |    345 |   2 |  479.5 |
               +--------+--------+--------+--------+--------+-----+--------+

Top non-repeatable levels by time:
     D:1: 923 daAuts
     D:2: 36 daAuts
